 Dungeon Sprint DCSS version 0.31-b1-22-gc680215f68 (webtiles) character file.

Game seed: 16053111821832934328

392 Groucho the Eye of the Storm (level 6, -4/61 HPs)
             Began as a Minotaur Fighter on Jan 18, 2024.
             Was a Priest of Qazlal.
             Slain by a phantasmal warrior (15 damage)
             ... in the Dungeon (Sprint VII: "The Pits").
             The game lasted 00:01:59 (1105 turns).

Groucho the Eye of the Storm (Minotaur Fighter)     Turns: 1105, Time: 00:02:00

Health: -4/61      AC: 13    Str: 23    XL:     6   Next: 51%
Magic:  2/11       EV:  8    Int:  5    God:    Qazlal [***...]
Gold:   0          SH: 10    Dex:  9    Spells: 5/5 levels left

rFire   . . .        b - +4 war axe (heavy)
rCold   . . .        c - +0 buckler
rNeg    . . .        o - +3 chain mail
rPois   .            (helmet restricted)
rElec   .            (no cloak)
rCorr   .            (no gloves)
SInv    .            (no boots)
Will    .....        (no amulet) Stlth
                     (no ring)
HPRegen 0.30/turn    (no ring)
MPRegen 0.12/turn

%: no teleportation
@: weak-willed
A: horns 2, retaliatory headbutt
a: Renounce Religion, Upheaval, Elemental Force


You were in the Dungeon.
You worshipped Qazlal.
Qazlal was most pleased with you.
You visited 1 branch

Inventory:

Hand Weapons
 b - a +4 heavy war axe (weapon)
Armour
 c - a +0 buckler (worn)
 o - a +3 chain mail (worn)
Scrolls
 j - a scroll of blinking
 l - 2 scrolls of vulnerability
 m - 5 scrolls of amnesia
 n - a scroll of butterflies
Potions
 d - a potion of might
 e - 6 potions of curing
 f - 6 potions of heal wounds
 g - a potion of haste
 h - 4 potions of magic
 i - 3 potions of berserk rage
 k - 2 potions of invisibility


   Skills:
 + Level 7.9 Fighting
 + Level 7.3 Axes
 + Level 7.6 Armour
 + Level 7.6 Shields
 * Level 8.2 Invocations


You had 5 spell levels left.
You didn't know any spells.
Your spell library was empty.

Dungeon Overview and Level Annotations

Branches:
Dungeon (1/1)

Altars:
Ashenzari
Cheibriados
Dithmenos
Elyvilon
Fedhas
Gozag
Hepliaklqana
Kikubaaqudgha
Makhleb
Nemelex Xobeh
Okawaru
Qazlal
Ru
Sif Muna
Trog
Uskayaw
Vehumet
Wu Jian
Xom
Yredelemnul
Zin
The Shining One
Jiyva
Lugonu


Innate Abilities, Weirdness & Mutations

You have a pair of horns on your head.
You reflexively headbutt those who attack you in melee.


Message History

Aiming: Upheaval
Press: ? - help, Dir - move target A storm cloud blasts the area with cutting wind!
The storm surrounding you is now too weak to repel missiles.
You will no longer adapt resistances upon receiving elemental damage.
You block the phantasmal warrior's attack.
Unknown command.
Unknown command.
Unknown command.
Unknown command.
Aiming: Upheaval
Press: ? - help, Dir - move target A storm cloud blasts the area with cutting wind!
The cutting wind hits the phantasmal warrior!!
The phantasmal warrior is heavily damaged.
You block the phantasmal warrior's attack.
Unknown command.
Unknown command.
Unknown command.
Unknown command.
Aiming: Upheaval
Press: ? - help, Dir - move target A storm cloud blasts the area with cutting wind!
The cutting wind hits the phantasmal warrior.
The phantasmal warrior is heavily damaged.
You block the phantasmal warrior's attack.
Unknown command.
Unknown command.
Unknown command.
Unknown command.
You don't have enough magic at the moment.
Unknown command.
You are too injured to fight recklessly!
You are too injured to fight recklessly!
You slash the phantasmal warrior!
The phantasmal warrior is severely damaged.
The phantasmal warrior hits you!!
* * * LOW HITPOINT WARNING * * *
The phantasmal warrior hits you!
You die...

#.#........##.......#
#'###########.......#
#.).....# #########
#..#.#..# #.##.##.#
#.......#+#
#.##.##.#.+
#..#.#..#W#
#.......@.#
###########


You could see a phantasmal warrior.

Vanquished Creatures
  A black bear (D)
  An ice beast (D)
  An ogre (D)
  Blork the orc (D)
  A mummy (D)
  An adder (D)
  A gnoll (D)
  A river rat (D)
  An orc (D)
  A ball python (D)
  An endoplasm (D)
  A giant cockroach (D)
  A hobgoblin (D)
  4 jackals (D)
  2 quokkas (D)
  A frilled lizard (D)
20 creatures vanquished.

Notes
Turn   | Place    | Note
-------+----------+-------------------------------------------
     0 | D        | Groucho the Minotaur Fighter began the quest for the Orb.
     0 | D        | Reached XP level 1. HP: 19/19 MP: 0/0
    12 | D        | Reached skill level 1 in Invocations
    37 | D        | Found a glowing golden altar of the Shining One.
    37 | D        | Found a glowing silver altar of Zin.
    37 | D        | Found a basalt altar of Yredelemnul.
    37 | D        | Found a shimmering altar of Xom.
    37 | D        | Found an ornate altar of the Wu Jian Council.
    37 | D        | Found a bloodstained altar of Trog.
    37 | D        | Found a shimmering blue altar of Sif Muna.
    37 | D        | Found a sacrificial altar of Ru.
    37 | D        | Found a stormy altar of Qazlal.
    37 | D        | Found an iron altar of Okawaru.
    37 | D        | Found a sparkling altar of Nemelex Xobeh.
    37 | D        | Found a burning altar of Makhleb.
    37 | D        | Found a viscous altar of Jiyva.
    37 | D        | Found a hazy altar of Hepliaklqana.
    37 | D        | Found an opulent altar of Gozag.
    37 | D        | Found a blossoming altar of Fedhas.
    37 | D        | Found a white marble altar of Elyvilon.
    37 | D        | Found a shadowy altar of Dithmenos.
    37 | D        | Found a snail-covered altar of Cheibriados.
    38 | D        | Found a radiant altar of Vehumet.
    38 | D        | Found a corrupted altar of Lugonu.
    39 | D        | Found an ancient bone altar of Kikubaaqudgha.
    39 | D        | Found a hide-covered altar of Uskayaw.
    39 | D        | Found a broken altar of Ashenzari.
    42 | D        | Became a worshipper of Qazlal Stormbringer
    57 | D        | Reached skill level 2 in Invocations
    57 | D        | Reached XP level 2. HP: 20/27 MP: 0/2
   109 | D        | Reached * piety under Qazlal
   116 | D        | Reached ** piety under Qazlal
   212 | D        | Noticed an ice beast
   215 | D        | Reached *** piety under Qazlal
   216 | D        | Reached skill level 3 in Invocations
   217 | D        | Reached XP level 3. HP: 26/34 MP: 0/4
   225 | D        | Killed an ice beast
   226 | D        | Reached skill level 5 in Fighting
   226 | D        | Reached skill level 5 in Axes
   226 | D        | Reached skill level 5 in Armour
   226 | D        | Reached skill level 5 in Shields
   226 | D        | Reached skill level 5 in Invocations
   226 | D        | Reached XP level 4. HP: 18/44 MP: 1/7
   702 | D        | Noticed an ogre
   713 | D        | Killed an ogre
   714 | D        | Reached skill level 6 in Invocations
   714 | D        | Reached XP level 5. HP: 33/51 MP: 1/9
   719 | D        | Reached **** piety under Qazlal
   732 | D        | Noticed a black bear
   733 | D        | Killed a black bear
   734 | D        | Reached skill level 7 in Invocations
   734 | D        | Reached XP level 6. HP: 35/60 MP: 0/10
   791 | D        | Noticed Blork the orc
   792 | D        | Killed Blork the orc
   793 | D        | Reached skill level 8 in Invocations
  1100 | D        | Noticed a phantasmal warrior
  1105 | D        | Slain by a phantasmal warrior

Illustrated notes

Levels and vault maps discovered:
D:        pitsprint [storerooms_1, entrance_room_1, metal_vault_6, armoury_1,
          mini_pit_1, grid_room_1, main_hall_1, silver_pit, the_coven_3,
          the_vestibule_1, steel_vault_4, golden_pit, hallway_of_sentries,
          crystal_vault_2, iron_vault_2, final_vault]

Skill      XL: |  1  2  3  4  5  6 |
---------------+-------------------+-----
Invocations    | 2 3 5 6 7 8 |  8.2
Fighting       | 4 5 6 7 |  7.9
Axes           | 3 5 6 7 |  7.3
Armour         | 4 5 6 7 |  7.6
Shields        | 4 5 6 7 |  7.6

Action                     |  1- 3 |  4- 6 || total
---------------------------+-------+-------++-------
  Melee: Hand axe          |    29 |     5 ||    34
         Headbutt          |     4 |     2 ||     6
         War axe           |     2 |     4 ||     6
 Invoke: Upheaval          |     1 |     7 ||     8
 Armour: Scale mail        |    14 |       ||    14
         Chain mail        |       |     9 ||     9
  Dodge: Dodged            |    18 |     3 ||    21
  Block: Buckler           |    16 |     6 ||    22
